 Dungeon Crawl Stone Soup version 0.13.0-59-g13bd910 (console) character file.

53615 oink the Necromancer (level 14, -2/71 HPs)
             Began as a Deep Elf Fire Elementalist on Nov 17, 2013.
             Was a High Priest of Kikubaaqudgha.
             Shot themself with a fireball (4 damage)
             ... on Level 3 of the Orcish Mines.
             The game lasted 03:16:13 (22864 turns).

oink the Necromancer (Deep Elf Fire Elementalist)  Turns: 22864, Time: 03:16:13

HP  -2/71        AC 18     Str  8      XL: 14   Next: 23%
MP  27/46        EV 14     Int 23      God: Kikubaaqudgha [*****.]
Gold 2125        SH  0     Dex 15      Spells: 11 memorised,  6 levels left

Res.Fire  : + . .   See Invis. : .   a - staff of death
Res.Cold  : . . .   Warding    : .   L - +5 steam dragon armour
Life Prot.: + . .   Conserve   : .   (no shield)
Res.Poison: .       Res.Corr.  : .   w - +0 helmet
Res.Elec. : .       Clarity    : .   v - +2 cloak
Sust.Abil.: . .     Spirit.Shd : .   e - +0 pair of gloves
Res.Mut.  : .       Stasis     : .   x - +2 pair of boots
Res.Rott. : .       Flight     : .   (no amulet)
Saprovore : . . .                    f - ring of magical power
                                     j - ring of sustenance

@: somewhat resistant to hostile enchantments, fairly stealthy
A: fire resistance 1
a: Receive Corpses, Torment, Renounce Religion


You were on level 3 of the Orcish Mines.
You worshipped Kikubaaqudgha.
Kikubaaqudgha was extremely pleased with you.
You were hungry.

You visited 4 branches of the dungeon, and saw 27 of its levels.

You collected 2325 gold pieces.
You spent 220 gold pieces at shops.

Inventory:

Hand weapons
 H - the +9,+5 dagger of Drought (quivered) {elec, rC+ MR+, unknown}
   (You found it on level 8 of the Lair of Beasts)

   Occasionally, upon striking a foe, it will discharge some electrical energy
   and cause terrible harm.
   It protects you from cold.
   It affects your resistance to hostile enchantments.
Armour
 e - a +0 pair of gloves (worn)
 v - a +2 cloak (worn)
 w - a +0 helmet (worn)
 x - a +2 pair of boots (worn)
 L - a +5 steam dragon armour (worn)
Magical devices
 h - a wand of digging (11) {!V!d}
 i - a wand of teleportation (3) {!V!d}
 C - a wand of disintegration (11)
Comestibles
 c - 2 bread rations
 n - 2 apples
Scrolls
 b - a scroll of vulnerability
 q - 3 scrolls of teleportation
 s - 2 scrolls of recharging
 y - 4 scrolls of remove curse
 A - a scroll of blinking
 F - 2 scrolls of fog
 O - a scroll of fear
Jewellery
 f - a ring of magical power (right hand)
 j - a ring of sustenance (left hand)
 k - an uncursed amulet of faith
 l - an uncursed ring of flight
 r - an uncursed ring of magical power
 E - an uncursed ring of protection from fire
 Q - an uncursed ring of positive energy {unknown}
 Y - an uncursed ring of ice
Potions
 g - 3 potions of curing
 m - 3 potions of heal wounds
 p - a potion of invisibility
 u - a potion of resistance
 G - a potion of magic
 I - 2 potions of restore abilities
 M - 2 potions of speed
 R - 2 potions of flight
Magical staves
 a - an uncursed staff of death (weapon)


   Skills:
 - Level 2.4 Fighting
 + Level 4.8 Staves
 - Level 4.8 Dodging
 - Level 2.4 Stealth
 - Level 15.0 Spellcasting
 - Level 10.3 Conjurations
 - Level 10.0 Summonings
 - Level 15.1 Necromancy
 - Level 10.0 Fire Magic
 + Level 6.3 Evocations


You had 6 spell levels left.
You knew the following spells:

 Your Spells              Type           Power        Failure   Level  Hunger
b - Throw Flame           Conj/Fire      ######       1%          2    None
d - Death Channel         Necr           #######...   1%          6    #####..
e - Blink                 Tloc           N/A          6%          2    None
f - Mephitic Cloud        Conj/Pois/Air  ####....     2%          3    None
g - Fireball              Conj/Fire      ######....   1%          5    #......
h - Repel Missiles        Chrm/Air       ###.......   6%          2    None
i - Regeneration          Chrm/Necr      ######....   1%          3    None
j - Agony                 Necr           #######.     1%          5    #......
k - Recall                Summ/Tloc      N/A          1%          3    None
l - Animate Skeleton      Necr           N/A          0%          1    None
m - Twisted Resurrection  Necr           #######...   1%          5    #......


Dungeon Overview and Level Annotations

Branches:
Dungeon (15/27)            Temple (1/1) D:7             Orc (3/4) D:10
   Lair (8/8) D:13          Swamp (0/5) Lair:4        Snake (0/5) Lair:4
  Slime (0/6) Lair:6
    Elf: Orc:3-4     Vaults: D:15-20

Altars:
Ashenzari
Cheibriados
Elyvilon
Fedhas
Kikubaaqudgha
Makhleb
Nemelex Xobeh
Okawaru
Sif Muna
Trog
Vehumet
Xom
Yredelemnul
Zin
the Shining One
Beogh

Shops:
D:4 +   D:10 %   Orc:1 *

Annotations:
Lair:3 exclusion: ice statue


Innate Abilities, Weirdness & Mutations

Your flesh is heat resistant.


Message History

The orc closely misses your large abomination.
Your large abomination hits the orc!
The orc dies!
Kikubaaqudgha accepts your slave's kill.
Your large abomination hits the orc priest!
The orc priest dies!
Kikubaaqudgha accepts your slave's kill.
The orc wizard barely misses your large abomination.
The orc closely misses your large abomination.
Unknown command.
Casting: Fireball
Confirm with . or Enter, or press ? or * to list all spells.
Aiming: Fireball
Press: ? - help, Shift-Dir - straight line, f - you Really target yourself?
The fireball explodes!
The fireball engulfs you! You resist.
One of your 5 scrolls of remove curse catches fire!
Your scroll of summoning catches fire!
You die...
Kikubaaqudgha rasps: "You have failed me!
Welcome... death!"

###.....## ##.#. # ##...##
#.....##... ###...#
......#...#.. ##..#.##
#............. #......##
#.............#
##..#[..####.<............
#####).##.##.)...........
##)).........)..).....
##.#....#..).)@>))o.......
#..........)....))........
##.#........#...Xo.o).....
####.#......)..)o.Xo....
#....#.#....._...o....
##.....###........oo..
###....#............
##..#............
####...........


You could see 2 orc warriors, 2 orc wizards, 2 orcs and 2 friendly large
abominations.

Vanquished Creatures
  Fannar (D:11)
  Nergalle (D:11)
  Erolcha (D:12)
  An unseen horror (D:13)
  3 hill giants
  An orc sorcerer (Orc:1)
  3 elephants (Lair:3)
  2 black mambas
  A cyclops (D:12)
  2 spiny frogs
  An efreet (D:12)
  2 fire drakes
  A hydra zombie (D:13)
  Grinder (D:6)
  3 polar bears (Lair:3)
  2 blink frogs (Lair:4)
  4 trolls
  Prince Ribbit (D:6)
  2 two-headed ogres
  A basilisk (D:14)
  A wyvern (D:8)
  15 yaks
  A vampire mosquito (Lair:8)
  A steam dragon (D:12)
  5 hippogriffs
  Edmund (D:9)
  Menkaure (D:6)
  4 wolves
  6 porcupines
  A giant goldfish (Lair:8)
  4 orc warriors
  2 sky beasts (D:5)
  2 black bears (D:9)
  2 nagas (Lair:4)
  3 phantoms
  9 ice beasts
  4 centaurs
  7 ogres
  7 crocodiles
  Duvessa (D:9)
  2 giant slugs
  5 big kobolds
  A warg (Orc:1)
  4 giant frogs
  A cyclops zombie (D:10)
  5 water moccasins
  A rock worm zombie (D:13)
  An elf (shapeshifter) (D:12)
  4 killer bees (D:7)
  9 crimson imps
  Dowan (D:9)
  11 hounds
  3 wights (D:8)
  A centaur zombie (D:5)
  2 goliath beetles
  Crazy Yiuf (D:2)
  15 iguanas
  9 orc priests
  2 jellies (D:9)
  10 orc wizards
  4 scorpions
  7 worker ants
  Jessica (D:3)
  An ogre skeleton (D:6)
  Terence (D:2)
  A mummy (D:8)
  13 green rats
  12 adders
  7 gnolls
  An orc skeleton (D:10)
  A white imp (Lair:3)
  4 worms
  A scorpion zombie (D:9)
  2 adder skeletons (D:5)
  8 giant geckos
  2 oozes (D:2)
  47 orcs
  12 bats
  A bat skeleton (D:4)
  2 giant cockroaches
  14 goblins
  15 hobgoblins
  36 jackals
  A ball python (D:3)
  A giant gecko skeleton (D:6)
  7 giant newts
  2 giant spores (D:8)
  A jackal skeleton (D:5)
  33 kobolds
  2 orc zombies
  15 quokkas
  A quokka skeleton (D:6)
  10 rats
  6 ballistomycetes
  2 fungi
473 creatures vanquished.

Vanquished Creatures (collateral kills)
  Rupert (Lair:6)
  Roxanne (D:14)
  An orc warlord (Orc:3)
  4 hydras
  Erica (Lair:5)
  A ravenous item mimic (Lair:8)
  6 death yaks
  An orc high priest (D:13)
  A centaur warrior (D:13)
  2 orc knights (D:13)
  A wolf spider zombie (D:13)
  9 oklob plants (Lair:1)
  2 griffons
  4 orc sorcerers
  10 elephants (Lair:8)
  6 black mambas
  A feature mimic (D:14)
  19 spiny frogs
  A red devil (D:13)
  A hellwing (D:13)
  2 komodo dragons
  15 yaks
  13 blink frogs
  A slime creature (D:14)
  2 giant leeches (Lair:8)
  A two-headed ogre (D:10)
  A griffon zombie (D:13)
  2 basilisks
  5 sharks
  6 ugly things (D:14)
  2 elephant slugs
  Grum (Orc:3)
  13 wolves
  3 hippogriffs
  14 vampire mosquitoes
  9 orc warriors
  A manticore (D:12)
  4 porcupines
  A wandering mushroom (D:14)
  5 giant goldfish (Lair:8)
  A yellow wasp (Lair:6)
  12 crocodiles
  2 wargs (Orc:3)
  10 giant slugs
  17 giant frogs
  8 water moccasins
  A gnoll sergeant (D:9)
  4 agate snails
  A manticore skeleton (D:14)
  9 jellyfish
  A crimson imp (D:14)
  7 jellies
  8 orc priests
  3 big fish (Lair:4)
  4 hounds
  A worker ant (D:10)
  An iguana (Lair:5)
  An orc wizard (Orc:3)
  7 sheep (Lair:3)
  A mummy (D:9)
  4 adders
  A gnoll (D:9)
  20 green rats
  A giant centipede (Lair:3)
  A giant gecko (D:10)
  8 oozes
  62 orcs
  3 bats
  A hobgoblin (Orc:3)
  2 quokkas
  4 goblins
  4 jackals
  A kobold (D:10)
  2 orc zombies
  3 rats
  A bush (Lair:6)
  10 fungi
  26 plants
427 creatures vanquished.

Vanquished Creatures (others)
  23 large abominations
  4 small abominations
  A giant frog (Lair:6)
  A yak zombie (D:10)
  A wolf skeleton (Lair:8)
  A two-headed ogre zombie (D:12)
  A giant frog skeleton (D:12)
  An ogre zombie (D:10)
  A steam dragon skeleton (D:12)
  An iguana zombie (D:12)
  An orc (Orc:3)
  A bat (Lair:6)
  A bat skeleton (D:10)
  A giant gecko zombie (D:10)
  A giant spore (D:12)
  A goblin skeleton (D:12)
  A jackal skeleton (D:10)
  A kobold zombie (D:10)
  3 orc zombies (D:10)
  A quokka skeleton (Lair:2)
  A rat skeleton (Lair:1)
  A ballistomycete (D:8)
  7 crawling corpses
  A fungus (Lair:6)
  6 macabre masses
63 creatures vanquished.

Grand Total: 963 creatures vanquished

Notes
Turn   | Place    | Note
--------------------------------------------------------------
     0 | D:1      | oink, the Deep Elf Fire Elementalist, began the quest for the Orb.
     0 | D:1      | Reached XP level 1. HP: 10/10 MP: 4/4
   206 | D:1      | Reached XP level 2. HP: 15/15 MP: 0/7
   623 | D:1      | Learned a level 2 spell: Throw Flame
   728 | D:1      | Reached XP level 3. HP: 17/19 MP: 8/10
   733 | D:1      | Learned a level 3 spell: Conjure Flame
   905 | D:2      | Noticed Terence
  1229 | D:2      | Reached skill level 4 in Fire Magic
  1343 | D:2      | Killed Terence
  1343 | D:2      | Reached XP level 4. HP: 24/24 MP: 3/13
  1698 | D:2      | Noticed Crazy Yiuf
  1714 | D:2      | Killed Crazy Yiuf
  1915 | D:3      | Noticed Jessica
  1985 | D:3      | Killed Jessica
  1985 | D:3      | Reached XP level 5. HP: 28/28 MP: 8/17
  1991 | D:3      | Learned a level 4 spell: Sticky Flame
  2587 | D:4      | Found a bloodstained altar of Trog.
  2617 | D:4      | Reached skill level 5 in Fire Magic
  2672 | D:4      | Reached XP level 6. HP: 30/32 MP: 20/20
  2808 | D:4      | Found Jieshro Maom's Book Shop.
  2952 | D:4      | Reached skill level 5 in Spellcasting
  3182 | D:4      | Bought a book of Minor Magic for 220 gold pieces
  3186 | D:4      | Learned a level 2 spell: Blink
  3190 | D:4      | Learned a level 3 spell: Mephitic Cloud
  3201 | D:5      | Entered Level 5 of the Dungeon
  3247 | D:5      | Reached XP level 7. HP: 16/36 MP: 9/22
  3492 | D:5      | Reached skill level 6 in Spellcasting
  3492 | D:5      | Reached skill level 5 in Conjurations
  3822 | D:5      | Found a deep blue altar of Sif Muna.
  4274 | D:6      | Noticed Grinder
  4317 | D:6      | Killed Grinder
  4317 | D:6      | Reached skill level 7 in Spellcasting
  4317 | D:6      | Reached XP level 8. HP: 36/41 MP: 15/25
  4324 | D:6      | Learned a level 5 spell: Fireball
  4385 | D:6      | Noticed Prince Ribbit
  4483 | D:6      | Killed Prince Ribbit
  4515 | D:6      | Reached skill level 8 in Spellcasting
  4612 | D:6      | Noticed Menkaure
  4771 | D:6      | Killed Menkaure
  5477 | D:7      | Reached XP level 9. HP: 38/45 MP: 25/28
  5482 | D:7      | Reached skill level 9 in Spellcasting
  5486 | D:7      | Learned a level 2 spell: Repel Missiles
  5935 | D:7      | Found a staircase to the Ecumenical Temple.
  5945 | Temple   | Entered the Ecumenical Temple
  5983 | Temple   | Became a worshipper of Kikubaaqudgha
  6230 | D:7      | Found a burning altar of Makhleb.
  6398 | D:8      | Found a basalt altar of Yredelemnul.
  6398 | D:8      | Found a snail-covered altar of Cheibriados.
  6774 | D:8      | Reached skill level 10 in Spellcasting
  7093 | D:9      | Acquired Kikubaaqudgha's first power
  7093 | D:9      | Received a gift from Kikubaaqudgha
  7094 | D:9      | Identified Kikubaaqudgha's Compendium of Stolen Souls (Kikubaaqudgha gifted it to you on level 9 of the Dungeon)
  7099 | D:9      | Learned a level 3 spell: Regeneration
  7104 | D:9      | Learned a level 4 spell: Animate Dead
  7133 | D:9      | Noticed Dowan
  7285 | D:9      | Reached skill level 1 in Necromancy
  7392 | D:9      | Reached XP level 10. HP: 50/50 MP: 30/30
  7520 | D:9      | Identified a scroll of acquirement
  7521 | D:9      | Identified Sif Muna's Volume of Dusty Conjuration (You acquired it on level 9 of the Dungeon)
  7552 | D:9      | Reached skill level 11 in Spellcasting
  7595 | D:9      | Reached skill level 10 in Fire Magic
  7741 | D:9      | Noticed Edmund
  7757 | D:9      | Noticed Duvessa
  7773 | D:9      | Killed Dowan
  7776 | D:9      | Killed Duvessa
  7906 | D:9      | Killed Edmund
  8299 | D:10     | Entered Level 10 of the Dungeon
  8303 | D:10     | Reached skill level 10 in Conjurations
  8436 | D:10     | Reached skill level 5 in Necromancy
  8516 | D:10     | Learned a level 3 spell: Recall
  8633 | D:10     | Acquired Kikubaaqudgha's second power
  8668 | D:10     | Reached skill level 12 in Spellcasting
  8688 | D:10     | Learned a level 1 spell: Animate Skeleton
  8906 | D:10     | Found Psuad's Food Shoppe.
  8966 | D:10     | Noticed a hill giant
  8990 | D:10     | Killed a hill giant
  9026 | D:10     | Noticed a hill giant
  9035 | D:10     | Killed a hill giant
  9035 | D:10     | Reached XP level 11. HP: 48/54 MP: 24/33
  9076 | D:10     | Found a staircase to the Orcish Mines.
  9712 | D:11     | Noticed Fannar
  9717 | D:11     | Killed Fannar
  9780 | D:11     | Noticed Nergalle
  9785 | D:11     | Killed Nergalle
  9785 | D:11     | Reached skill level 13 in Spellcasting
 10270 | D:12     | Noticed Erolcha
 10278 | D:12     | Killed Erolcha
 10764 | D:12     | Reached skill level 14 in Spellcasting
 10985 | D:12     | Learned a level 5 spell: Twisted Resurrection
 10991 | D:13     | Received a gift from Kikubaaqudgha
 10992 | D:13     | Identified Kikubaaqudgha's Guide on Sinister Rituals (Kikubaaqudgha gifted it to you on level 13 of the Dungeon)
 11276 | D:13     | Identified a +0 rod of frigid destruction (10/10) (You found it on level 13 of the Dungeon)
 11278 | D:13     | wj69: you don't have to stack corpses for twisted ressurection
 11320 | D:13     | wj69: not anymore
 11389 | D:13     | Noticed a centaur warrior
 11399 | D:13     | Killed a centaur warrior
 11399 | D:13     | Reached skill level 10 in Necromancy
 11420 | D:13     | Found a staircase to the Lair.
 11434 | D:13     | Killed an unseen horror
 11613 | D:13     | Learned a level 5 spell: Agony
 11627 | Lair:1   | Entered Level 1 of the Lair of Beasts
 11722 | Lair:2   | Noticed a large abomination
 11834 | Lair:1   | Reached skill level 1 in Fighting
 12020 | Lair:1   | Noticed a large abomination
 12123 | Lair:1   | Reached XP level 12. HP: 60/60 MP: 0/35
 12704 | Lair:1   | Gained mutation: Your flesh is heat resistant. [potion of beneficial mutation]
 12975 | Lair:2   | Reached skill level 15 in Spellcasting
 12990 | Lair:2   | Acquired Kikubaaqudgha's third power
 13258 | Lair:2   | You fall through a shaft!
 13258 | Lair:4   | Found a staircase to the Snake Pit.
 13275 | Lair:4   | Reached skill level 1 in Summonings
 14286 | Lair:2   | Reached skill level 5 in Summonings
 14958 | Lair:3   | Acquired Kikubaaqudgha's fourth power
 15383 | Lair:4   | Found a staircase to the Swamp.
 15917 | Lair:5   | Reached XP level 13. HP: 65/65 MP: 36/36
 16106 | Lair:2   | Learned a level 6 spell: Death Channel
 16207 | Lair:5   | Noticed Erica
 16244 | Lair:5   | Killed Erica
 16376 | Lair:5   | Noticed a four-headed hydra
 16382 | Lair:5   | a large abomination (ally) was killed
 16382 | Lair:5   | Killed a four-headed hydra
 16829 | Lair:6   | Noticed Rupert
 16832 | Lair:6   | Killed Rupert
 16899 | Lair:6   | a large abomination (ally) was killed
 17011 | Lair:6   | Found a staircase to the Slime Pits.
 17605 | Lair:6   | Somebody: Hi. Can I see your spell list again?
 17661 | Lair:7   | Somebody: It looks like an interesting idea — to start as a a DEFE, then join with Kiku.
 17688 | Lair:7   | Somebody: Thanks.
 17980 | Lair:7   | Somebody: Good luck. Bye.
 18531 | Lair:8   | Entered Level 8 of the Lair of Beasts
 18695 | Lair:8   | Got a warped dagger
 18695 | Lair:8   | Reached skill level 10 in Summonings
 18709 | Lair:8   | Reached skill level 15 in Necromancy
 18709 | Lair:8   | Reached skill level 1 in Evocations
 18757 | Lair:8   | Reached skill level 1 in Staves
 20189 | D:13     | Noticed an orc high priest
 20195 | D:13     | Reached XP level 14. HP: 20/71 MP: 37/37
 20205 | D:13     | Killed an orc high priest
 20247 | D:13     | Found a roughly hewn altar of Beogh.
 20436 | D:14     | Entered Level 14 of the Dungeon
 20481 | D:14     | Noticed Roxanne
 20493 | D:14     | Killed Roxanne
 20497 | D:14     | Identified Roxanne's Compendium of Ashen Transmutation (You took it off Roxanne on level 14 of the Dungeon)
 20523 | D:14     | Reached skill level 5 in Evocations
 21144 | D:15     | Entered Level 15 of the Dungeon
 21518 | Orc:1    | Entered Level 1 of the Orcish Mines
 21844 | Orc:1    | Found Kluwuvatt's Assorted Antiques.
 22458 | Orc:3    | Noticed Grum
 22470 | Orc:3    | Killed Grum
 22552 | Orc:3    | Noticed an orc warlord
 22563 | Orc:3    | Your ally Grum died
 22567 | Orc:3    | Killed an orc warlord
 22804 | Orc:3    | Found a white marble altar of Elyvilon.
 22863 | Orc:3    | HP: 2/71 [suicidal targetting (2)]
 22864 | Orc:3    | Shot themself with a fireball

Action                   |  1- 3 |  4- 6 |  7- 9 | 10-12 | 13-15 || total
-------------------------+-------+-------+-------+-------+-------++-------
Melee: Dagger            |       |    14 |       |       |       ||    14
       Quarterstaff      |       |    10 |    69 |    25 |       ||   104
       Staff             |       |       |       |    44 |   252 ||   296
 Cast: Flame Tongue      |    68 |   120 |   101 |       |       ||   289
       Throw Flame       |     5 |    25 |   181 |   366 |    30 ||   607
       Conjure Flame     |       |     4 |     8 |     6 |       ||    18
       Sticky Flame      |       |       |     5 |    23 |       ||    28
       Fireball          |       |       |     4 |    86 |    20 ||   110
       Repel Missiles    |       |       |     2 |     4 |       ||     6
       Mephitic Cloud    |       |       |       |    16 |     1 ||    17
       Animate Dead      |       |       |       |    17 |       ||    17
       Animate Skeleton  |       |       |       |    19 |     4 ||    23
       Twisted Resurrect |       |       |       |    43 |    57 ||   100
       Recall            |       |       |       |    15 |    36 ||    51
       Agony             |       |       |       |     7 |     9 ||    16
       Regeneration      |       |       |       |     1 |     3 ||     4
       Death Channel     |       |       |       |       |    14 ||    14
Invok: Receive Corpses   |       |       |       |     7 |    15 ||    22
       Torment           |       |       |       |       |     3 ||     3
Evoke: Wand              |       |       |     2 |    11 |     1 ||    14
  Use: Scroll            |       |    13 |    10 |    26 |    11 ||    60
       Potion            |       |     1 |     2 |     4 |     2 ||     9
 Stab: Sleeping          |       |       |       |       |     1 ||     1
       Distracted        |       |       |       |       |     1 ||     1
